 Dungeon Crawl Stone Soup version 0.24-a0-493-g7e4ddcd485 (webtiles) character file.

Game seed: 4941602370526974188

6 Azzok the Digger (level 1, -1/13 (14) HPs)
             Began as a Ghoul Earth Elementalist on July 12, 2019.
             Slain by a jackal (3 damage)
             ... on level 1 of the Dungeon.
             The game lasted 00:00:33 (271 turns).

Azzok the Digger (Ghoul Earth Elementalist)          Turns: 271, Time: 00:00:34

HP:   -1/13 (14)    AC:  3    Str:  9 (11) XL:     1   Next: 90%
MP:   0/2           EV: 12    Int:  9 (10) God:
Gold: 0             SH:  0    Dex:  8 (9)  Spells: 3/4 levels left

rFire    . . .     SeeInvis .   (no weapon)
rCold    + . .     Gourm    .   (no shield)
rNeg     + + +     Faith    .   c - +0 robe
rPois    ∞         Spirit   .   a - +0 helmet (curse)
rElec    .         Reflect  .   (no cloak)
rCorr    .         Harm     .   (no gloves)
MR       .....                  (no boots)
Stlth    ++........             (no amulet)
HPRegen  0.00/turn              (no ring)
MPRegen  0.08/turn              (no ring)

@: rotting
A: rotting body, claws 1, carnivore, cold resistance 1, negative energy
resistance 3, inhibited regeneration, torment resistance, unbreathing
a: no special abilities


You were on level 1 of the Dungeon.
You were not hungry.

You visited 1 branch of the dungeon, and saw 1 of its levels.

Inventory:

Missiles
 b - 27 stones (quivered)
Armour
 a - a cursed +0 helmet (worn)
 c - a +0 robe (worn)
Scrolls
 f - a scroll of blinking {unknown}
Comestibles
 d - 2 rations


   Skills:
 - Level 1.7 Dodging
 - Level 2.1 Stealth
 + Level 2.0 Spellcasting
   Level 0.8 Transmutations
 + Level 3.5 Earth Magic


You had 3 spell levels left.
You knew the following spells:

 Your Spells              Type           Power        Failure   Level  Hunger
a - Sandblast             Erth           #.....       8%          1    ##.....

Your spell library contained the following spells:

 Spells                   Type           Power        Failure   Level  Hunger
 Passwall                 Tmut/Erth      #.......     21%         2    ###....
 Stone Arrow              Conj/Erth      #.....       43%         3    ####...
 Petrify                  Tmut/Erth      #.......     80%         4    #####..
 Lee's Rapid Deconstruct  Erth           #.........   91%         5    ######.


Dungeon Overview and Level Annotations

Branches:
Dungeon (1/15)

Altars:


Innate Abilities, Weirdness & Mutations

Your body is rotting away.
You thrive on raw meat.
You are immune to poison.
You have sharp fingernails.
You are carnivorous and can eat meat at any time.
Your flesh is cold resistant. (rC+)
You are immune to negative energy. (rN+++)
You do not regenerate when monsters are visible.
You are immune to unholy pain and torment.
You can survive without breathing.


Message History

The jackal bites you but does no damage.
Casting: Sandblast (safe; 8% risk of failure)
Confirm with . or Enter, or press ? or * to list all spells.
Aiming: Sandblast (safe; 8% risk of failure)
Press: ? - help, Shift-Dir - straight line, f/p - jackal
Aim: a jackal (severely wounded)
The blast of sand hits the jackal.
You kill the jackal!
b - 27 stones It was a potion of mutation.
You feel extremely strange.
Your body decomposes!
You feel weakened.
Your body decomposes!
You feel dopey.
Your body decomposes!
You feel weakened.
Your body decomposes!
You feel clumsy. The jackal bites you.
You die...

▒··········▒········▒
▒··········▒··▒▒▒▒··▒ ·▒
▒··········▒··▒ ▒··▒ ··▒
▒·····▒▒▒▒····▒ ▒··▒▒▒▒··▒
▒·····▒▒▒▒·▒··▒ ▒········▒
▒········hh▒··▒▒▒▒········▒
▒·····▒▒▒▒h▒··············▒
▒▒▒▒'▒▒ ▒h▒·········▒▒▒··▒
▒·▒ ▒@▒·········▒ ·▒ ▒▒▒▒▒▒
▒·▒ ▒·▒··▒▒▒▒▒··▒ ·▒ ·····▒
▒·▒ ▒·▒··▒ ▒··▒▒▒··▒
▒▒▒▒·▒▒▒▒▒·▒▒▒▒▒·▒··▒
▒·······▒
▒··············▒··▒
▒·>·····▒
▒▒·▒▒▒▒▒·▒▒▒▒▒·▒··
▒·······▒ ▒·▒▒▒▒▒·▒▒▒▒▒·▒
▒···▒▒··▒ ▒▒▒·····▒▒····▒
▒···▒ ··▒
▒▒▒▒▒▒·▒▒▒·▒▒▒▒▒·▒ ····· ·▒


You could see 4 jackals.

Vanquished Creatures
  A giant cockroach (D:1)
  2 jackals (D:1)
  A kobold (D:1)
  A rat (D:1)
5 creatures vanquished.

Notes
Turn   | Place    | Note
-------+----------+-------------------------------------------
     0 | D:1      | Azzok the Ghoul Earth Elementalist began the quest for the
                  | Orb.
     0 | D:1      | Reached XP level 1. HP: 14/14 MP: 2/2
   271 | D:1      | Slain by a jackal

Levels and vault maps discovered:
D:1:      dpeg_arrival_boxorama, layout_basic

Skill      XL: |  1 |
---------------+----+-----
Spellcasting   | 2 |  2.0
Dodging        | |  1.7
Stealth        | |  2.1
Transmutations | |  0.8
Earth Magic    | |  3.5

Action                   || total
-------------------------++-------
Melee: Unarmed           ||    17
 Cast: Sandblast         ||     7
  Use: Potion            ||     1
Armor: Robe              ||     7
Dodge: Dodged            ||    21

Table legend:
 A = Non-vault XP
 B = Vault XP
 C = Vault XP percentage of total XP
 D = Non-vault monster count
 E = Vault monster count
 F = Vault count percentage of total count
                 A         B        C        D         E       F
            +---------+---------+-------+---------+---------+-------
      Total |       9 |       0 |   0.0 |       5 |       0 |   0.0
            +---------+---------+-------+---------+---------+-------
        D:1 |       9 |       0 |   0.0 |       5 |       0 |   0.0
            +---------+---------+-------+---------+---------+-------
